Eagles vs Reign
Created - February 2, 2022 at 19:31
Goals
|
Eagles |
1 |
2 |
2 |
5 |
Reign |
1 |
2 |
1 |
4 |
|
Shots
|
Eagles |
16 |
13 |
13 |
42 |
Reign |
12 |
16 |
8 |
36 |
|
1st period
1. Eagles , Jonathan Marchessault 11 (Michael Dal Colle 2, Xavier Ouellet 2) at 1:26
2. Reign , Alex Iafallo 9 (Nathan Gerbe 2, Charlie McAvoy 3) at 18:16
Penalties :
Matthew Tkachuk (Ont) for Roughing (Minor) at 4:11
2nd period
3. Reign , Alex Iafallo 10 (Thomas Chabot 8) at 5:30
4. Eagles , Chris Calhan 3 (Stefan Elliott 18, John Ramage 8) at 8:53
5. Reign , Nathan Gerbe 1 (Thomas Chabot 9) at 17:10
6. Eagles , Daniel Carr 11 (Nick Cousins 3, Stefan Elliott 19) at 17:32
Penalties :
Kevin Fiala (Ont) for Slashing (Minor) at 17:35
3rd period
7. Reign , Dmitri Orlov 1 (Thomas Chabot 10, Matthew Tkachuk 10) at 3:14 (PP)
8. Eagles , Drake Caggiula 8 (Joseph Blandisi 4, Stefan Elliott 20) at 12:41 (PP)
9. Eagles , Michael Dal Colle 1 (Chris Calhan 1, Stefan Elliott 21) at 17:54
Penalties :
Joachim Blichfeld (Ont) for Holding (Minor) at 0:49, Drake Caggiula (Col) for Tripping (Minor) at 3:09, Roope Hintz (Ont) for Hooking (Minor) at 4:12, Jonathan Marchessault (Col) for Goalie Interference (Minor) at 4:29, Matthew Tkachuk (Ont) for High sticking (Minor) at 11:15, Roope Hintz (Ont) for High sticking (Minor) at 13:09
Goalie Stats
Marek Mazanek (Col), 32 saves from 36 shots - (0.889), W, 13-2-2, 60:00 minutes
Carter Hart (Ont), 37 saves from 42 shots - (0.881), L, 9-8-0, 60:00 minutes
Players Stats for Eagles
Player Name G A P +/- PIM S H SB GA TA FO MP PP MP PK MP
------------------------------------------------------------------------------------
Anthony Duclair 0 0 0 -1 0 1 0 0 0 1 0/1 11:43 0:00 0:17
Chris Calhan 1 1 2 2 0 3 0 1 0 0 0/0 9:13 0:09 0:00
Connor Carrick 0 0 0 -1 0 2 0 2 1 0 0/0 19:36 3:19 0:22
Daniel Carr 1 0 1 1 0 5 3 0 0 1 2/6 21:51 5:00 0:08
Dmitrij Jaskin 0 0 0 -1 0 4 0 0 2 0 0/0 16:50 4:30 0:00
Drake Caggiula 1 0 1 -1 2 2 3 0 0 0 5/11 17:38 4:30 0:08
Jared McCann 0 0 0 2 0 3 0 0 1 1 2/6 8:50 0:00 0:00
John Ramage 0 1 1 2 0 2 1 0 0 0 0/0 25:59 6:20 0:00
Jonathan Marchessault 1 0 1 1 2 4 2 1 0 0 15/30 21:38 4:59 0:05
Jonathan Racine 0 0 0 0 0 0 0 0 0 0 0/0 9:42 0:00 0:00
Joseph Blandisi 0 1 1 -1 0 2 0 0 1 0 0/0 16:50 4:30 0:00
Keaton Middleton 0 0 0 0 0 1 0 0 0 0 0/0 4:43 0:00 0:00
Mark Friedman 0 0 0 0 0 0 0 0 0 0 0/0 4:43 0:00 0:00
Matteson Iacopelli 0 0 0 -1 0 0 1 0 0 0 0/1 10:19 0:00 0:00
Max Lajoie 0 0 0 0 0 0 0 0 0 0 0/0 0:00 0:00 0:00
Michael Dal Colle 1 1 2 2 0 4 0 0 0 0 0/0 8:50 0:00 0:00
Nick Cousins 0 1 1 1 0 2 1 1 3 0 1/1 20:46 4:58 0:00
Pius Suter 0 0 0 0 0 0 0 0 0 0 0/0 0:37 0:00 0:06
Ryan Murphy 0 0 0 -1 0 1 2 1 0 1 0/0 19:36 3:19 0:22
Sam Steel 0 0 0 0 0 0 0 0 0 0 0/0 1:03 0:09 0:00
Stefan Elliott 0 4 4 2 0 5 3 1 0 3 0/0 25:59 6:20 0:00
Tyler Motte 0 0 0 0 0 0 0 0 0 0 0/0 1:27 0:11 0:00
Xavier Ouellet 0 1 1 0 0 0 0 0 0 0 0/0 9:42 0:00 0:00
Zach Aston-Reese 0 0 0 -1 0 1 1 0 1 0 3/6 10:19 0:00 0:00
Players Stats for Reign
Player Name G A P +/- PIM S H SB GA TA FO MP PP MP PK MP
------------------------------------------------------------------------------------
Alex Iafallo 2 0 2 1 0 5 0 0 4 0 1/2 21:09 0:00 5:07
Charlie McAvoy 0 1 1 0 0 0 1 1 0 0 0/0 11:16 0:00 0:00
Christopher Tanev 0 0 0 2 0 0 0 1 0 0 0/0 17:11 0:06 5:52
Dmitri Orlov 1 0 1 -1 0 3 3 2 1 1 0/0 21:06 0:16 3:47
Joachim Blichfeld 0 0 0 0 2 2 0 0 0 0 0/0 9:04 0:00 0:00
Joel Eriksson Ek 0 0 0 0 0 3 0 0 0 0 9/17 16:09 0:00 5:15
Jordan Kyrou 0 0 0 -1 0 7 0 0 1 1 0/1 15:04 0:06 0:00
Jordan Schmaltz 0 0 0 -1 0 0 2 2 0 0 0/0 21:18 0:00 5:52
Josh Anderson 0 0 0 0 0 3 2 0 1 2 0/0 10:42 0:00 1:41
Kale Clague 0 0 0 -2 0 0 0 1 0 0 0/0 10:27 0:00 0:00
Kevin Fiala 0 0 0 1 2 0 1 1 0 0 1/1 14:46 0:00 0:00
Kyle Connor 0 0 0 -1 0 0 0 0 0 1 0/0 13:07 0:06 1:43
Logan Stanley 0 0 0 -2 0 0 1 0 0 1 0/0 10:27 0:00 0:00
Matthew Tkachuk 0 1 1 -1 4 0 1 2 0 2 0/0 12:04 0:16 0:00
Nathan Gerbe 1 1 2 1 0 3 0 2 0 0 12/22 16:50 0:00 2:51
Nikita Tryamkin 0 0 0 0 0 3 2 0 0 0 0/0 18:36 0:06 3:47
Roope Hintz 0 0 0 -1 4 4 2 0 0 0 0/0 14:03 0:22 0:00
Rourke Chartier 0 0 0 -1 0 0 0 0 0 0 2/7 9:12 0:16 0:00
Sergey Kalinin 0 0 0 -1 0 3 0 0 0 1 9/12 16:23 0:00 2:41
Thomas Chabot 0 3 3 2 0 0 1 1 0 0 0/0 9:39 0:16 0:00
3 Stars
1 - Stefan Elliott (Col)
2 - Alex Iafallo (Ont)
3 - Chris Calhan (Col)
Power Play
Eagles - 1 on 6 Attempt(s) - 16.67%
Reign - 1 on 2 Attempt(s) - 50.00%
Penalty Kill
Eagles - 1 on 2 Attempt(s) - 50.00%
- Score 0 goal in Penalty Kill
Reign - 5 on 6 Attempt(s) - 83.33%
- Score 0 goal in Penalty Kill
Team Stat
Eagles - Hits : 17 - Faceoff Wins : 28 - Blocked Shots : 7 - Penalty Minutes : 4
Reign - Hits : 16 - Faceoff Wins : 34 - Blocked Shots : 13 - Penalty Minutes : 12
Official
Referees : Peter MacDougall and Brad Meier
Linesman : James Tobias and Kory Nagy
Game Notes
No Game Note
Finance
Level 1 -- Attendance: 1694 (84.70%) -- Ticket Income $59,290
Level 2 -- Attendance: 926 (92.60%) -- Ticket Income $13,890
Total Attendance: 2620 (87.33%)
Total Ticket Income: $73,180
Other Income: $3,659
Total Income: $76,839
Eagles
5 vs 5 Forward
Center Left Wing Right Wing Time % Phy DF OF
1 Jonathan Marchessault Daniel Carr Nick Cousins 40 1 2 2
2 Drake Caggiula Joseph Blandisi Dmitrij Jaskin 30 1 2 2
3 Zach Aston-Reese Anthony Duclair Matteson Iacopelli 20 1 2 2
4 Jared McCann Michael Dal Colle Chris Calhan 10 1 2 2
5 vs 5 Defense
Defense Defense Time % Phy DF OF
1 Stefan Elliott John Ramage 40 1 2 2
2 Ryan Murphy Connor Carrick 30 1 2 2
3 Xavier Ouellet Jonathan Racine 20 1 2 2
4 Mark Friedman Keaton Middleton 10 1 2 2
PowerPlay Forward
Center Left Wing Right Wing Time % Phy DF OF
1 Jonathan Marchessault Daniel Carr Nick Cousins 60 1 2 2
2 Drake Caggiula Joseph Blandisi Dmitrij Jaskin 40 1 2 2
PowerPlay Defense
Defense Defense Time % Phy DF OF
1 Stefan Elliott John Ramage 60 1 2 2
2 Ryan Murphy Connor Carrick 40 1 2 2
Penalty Kill 4 Players Forward
Center Wing Time % Phy DF OF
1 Daniel Carr Jonathan Marchessault 60 1 2 2
2 Nick Cousins Dmitrij Jaskin 40 1 2 2
Penalty Kill 4 Players Defense
Defense Defense Time % Phy DF OF
1 Stefan Elliott John Ramage 60 1 2 2
2 Ryan Murphy Connor Carrick 40 1 2 2
Penalty Kill - 3 Players Forward
Forward Time % Phy DF OF
1 Daniel Carr 60 1 2 2
2 Jonathan Marchessault 40 1 2 2
Penalty Kill - 3 Players Defense
Defense Defense Time % Phy DF OF
1 Stefan Elliott John Ramage 60 1 2 2
2 Ryan Murphy Connor Carrick 40 1 2 2
4 vs 4 Forward
Center Wing Time % Phy DF OF
1 Daniel Carr Jonathan Marchessault 60 1 2 2
2 Nick Cousins Dmitrij Jaskin 40 1 2 2
4 vs 4 Defense
Defense Defense Time % Phy DF OF
1 Stefan Elliott John Ramage 60 1 2 2
2 Ryan Murphy Connor Carrick 40 1 2 2
Last Minutes Offensive
Center Left Wing Right Wing Defense Defense
Jonathan Marchessault Daniel Carr Nick Cousins Stefan Elliott John Ramage
Last Minutes Defensive
Center Left Wing Right Wing Defense Defense
Jonathan Marchessault Daniel Carr Nick Cousins Stefan Elliott John Ramage
Goaltenders
Starting : Marek Mazanek
Backup : Antoine Bibeau
Extra Forwards
Normal : Tyler Motte, Sam Steel, Pius Suter - PP : Tyler Motte, Sam Steel - PK : Pius Suter
Extra Defensemen
Normal : Max Lajoie, Xavier Ouellet, Jonathan Racine - PP : Max Lajoie - PK : Xavier Ouellet, Jonathan Racine
Penalty Shots
Daniel Carr, Jonathan Marchessault, Nick Cousins, Dmitrij Jaskin, Joseph Blandisi
Scratches
Dominik Kubalik (Healthy), Jarred Tinordi (Strained Left Knee Injury), Tomas Tatar (Torn Left MCL Injury), Pascal Laberge (Healthy), Adin Hill (Healthy)
Reign
5 vs 5 Forward
Center Left Wing Right Wing Time % Phy DF OF
1 Nathan Gerbe Alex Iafallo Kevin Fiala 30 0 3 2
2 Sergey Kalinin Roope Hintz Jordan Kyrou 30 0 3 2
3 Rourke Chartier Kyle Connor Matthew Tkachuk 20 0 3 2
4 Joel Eriksson Ek Joachim Blichfeld Josh Anderson 20 0 3 2
5 vs 5 Defense
Defense Defense Time % Phy DF OF
1 Jordan Schmaltz Dmitri Orlov 30 0 3 2
2 Christopher Tanev Thomas Chabot 25 0 3 2
3 Charlie McAvoy Nikita Tryamkin 25 0 3 2
4 Logan Stanley Kale Clague 20 1 3 1
PowerPlay Forward
Center Left Wing Right Wing Time % Phy DF OF
1 Rourke Chartier Roope Hintz Matthew Tkachuk 60 0 2 3
2 Nathan Gerbe Kyle Connor Jordan Kyrou 40 0 2 3
PowerPlay Defense
Defense Defense Time % Phy DF OF
1 Thomas Chabot Dmitri Orlov 60 1 2 2
2 Charlie McAvoy Jordan Schmaltz 40 1 2 2
Penalty Kill 4 Players Forward
Center Wing Time % Phy DF OF
1 Joel Eriksson Ek Alex Iafallo 60 0 3 2
2 Nathan Gerbe Sergey Kalinin 40 0 3 2
Penalty Kill 4 Players Defense
Defense Defense Time % Phy DF OF
1 Christopher Tanev Jordan Schmaltz 60 0 4 1
2 Nikita Tryamkin Dmitri Orlov 40 0 4 1
Penalty Kill - 3 Players Forward
Forward Time % Phy DF OF
1 Nathan Gerbe 60 0 3 2
2 Joel Eriksson Ek 40 0 3 2
Penalty Kill - 3 Players Defense
Defense Defense Time % Phy DF OF
1 Christopher Tanev Jordan Schmaltz 60 1 4 0
2 Nikita Tryamkin Dmitri Orlov 40 1 4 0
4 vs 4 Forward
Center Wing Time % Phy DF OF
1 Alex Iafallo Kyle Connor 60 1 2 2
2 Nathan Gerbe Kevin Fiala 40 1 2 2
4 vs 4 Defense
Defense Defense Time % Phy DF OF
1 Christopher Tanev Nikita Tryamkin 60 1 2 2
2 Jordan Schmaltz Dmitri Orlov 40 1 2 2
Last Minutes Offensive
Center Left Wing Right Wing Defense Defense
Alex Iafallo Kyle Connor Jordan Kyrou Christopher Tanev Jordan Schmaltz
Last Minutes Defensive
Center Left Wing Right Wing Defense Defense
Sergey Kalinin Alex Iafallo Josh Anderson Christopher Tanev Jordan Schmaltz
Goaltenders
Starting : Carter Hart
Backup : Garret Sparks
Extra Forwards
Normal : Kevin Fiala, Matthew Tkachuk, Jordan Kyrou - PP : Joachim Blichfeld, Kevin Fiala - PK : Josh Anderson
Extra Defensemen
Normal : Charlie McAvoy, Kale Clague, Logan Stanley - PP : Charlie McAvoy - PK : Thomas Chabot, Logan Stanley
Penalty Shots
Rourke Chartier, Jordan Kyrou, Kevin Fiala, Kyle Connor, Joachim Blichfeld
Scratches
Blake Lizotte (Healthy), Bokondji Imama (Healthy), Jacob Josefson (Healthy), Joel Vermin (Healthy), Markus Nutivaara (Sports Hernia Injury)
Michael Ferland (Healthy), Phillip Danault (Healthy), Dan Renouf (Healthy), Trevor Moore (Healthy), Austin Czarnik (Healthy)
Cal Petersen (Healthy), Jordan Binnington (Healthy)
% Time on Ice - Eagles
Lines # - Real PCT - Wanted PCT - Time Play
Normal Forward
1 - 33% - 40% - 15:48
2 - 26% - 30% - 12:20
3 - 22% - 20% - 10:19
4 - 19% - 10% - 8:50
Normal Defense
1 - 39% - 40% - 18:15
2 - 31% - 30% - 14:37
3 - 21% - 20% - 9:42
4 - 10% - 10% - 4:43
PP Forward
1 - 53% - 60% - 5:09
2 - 47% - 40% - 4:30
PP Defense
1 - 66% - 60% - 6:20
2 - 34% - 40% - 3:19
PK Forward
1 - 100% - 60% - 0:22
2 - 0% - 40% - 0:00
PK Defense
1 - 0% - 60% - 0:00
2 - 100% - 40% - 0:22
PK3 Forward
1 - 0% - 60%
2 - 0% - 40%
PK3 Defense
1 - 0% - 60%
2 - 0% - 40%
44 Forward
1 - 100% - 60% - 1:42
2 - 0% - 40% - 0:00
44 Defense
1 - 82% - 60% - 1:24
2 - 18% - 40% - 0:18
Last Minute Offensive - 0:00
Last Minute Defensive - 1:00
Total
Forward - 60:00
Defense - 60:00
|
% Time on Ice - Reign
Lines # - Real PCT - Wanted PCT - Time Play
Normal Forward
1 - 33% - 30% - 15:26
2 - 30% - 30% - 14:08
3 - 19% - 20% - 8:56
4 - 18% - 20% - 8:44
Normal Defense
1 - 30% - 30% - 14:24
2 - 24% - 25% - 11:07
3 - 24% - 25% - 11:16
4 - 22% - 20% - 10:27
PP Forward
1 - 100% - 60% - 0:22
2 - 0% - 40% - 0:00
PP Defense
1 - 100% - 60% - 0:22
2 - 0% - 40% - 0:00
PK Forward
1 - 72% - 60% - 6:58
2 - 28% - 40% - 2:41
PK Defense
1 - 61% - 60% - 5:52
2 - 39% - 40% - 3:47
PK3 Forward
1 - 0% - 60%
2 - 0% - 40%
PK3 Defense
1 - 0% - 60%
2 - 0% - 40%
44 Forward
1 - 100% - 60% - 1:42
2 - 0% - 40% - 0:00
44 Defense
1 - 57% - 60% - 0:58
2 - 43% - 40% - 0:44
Last Minute Offensive - 1:03
Last Minute Defensive - 0:00
Total
Forward - 60:00
Defense - 60:00
|
Play-by-Play
1st period
0:01 of 1st period - Nathan Gerbe wins face-off versus Jonathan Marchessault in neutral zone.
0:14 of 1st period - Wrist shot by Daniel Carr.
0:14 of 1st period - Stopped by Carter Hart with a rebound.
0:16 of 1st period - Slapshot by John Ramage.
0:16 of 1st period - Shot Misses the Net.
0:32 of 1st period - Wrist shot by Dmitrij Jaskin.
0:32 of 1st period - Stopped by Carter Hart with a rebound.
0:34 of 1st period - Slapshot by Ryan Murphy.
0:34 of 1st period - Deflect By Drake Caggiula.
0:34 of 1st period - Shot Blocked by Jordan Schmaltz.
0:34 of 1st period - Puck is out of play.
0:35 of 1st period - Zach Aston-Reese wins face-off versus Rourke Chartier in Reign zone.
0:36 of 1st period - Snap shot by Anthony Duclair.
0:36 of 1st period - Shot Misses the Net.
0:38 of 1st period - Slapshot by Jonathan Racine.
0:38 of 1st period - Shot Misses the Net.
1:24 of 1st period - Snap shot by Jonathan Marchessault.
1:24 of 1st period - Stopped by Carter Hart with a rebound.
1:26 of 1st period - Snap shot by Jonathan Marchessault.
1:26 of 1st period - Goal by Jonathan Marchessault - Eagles : 1 - Reign : 0.
1:27 of 1st period - Nathan Gerbe wins face-off versus Drake Caggiula in neutral zone.
1:30 of 1st period - Dmitrij Jaskin is hit by Logan Stanley and loses puck.
1:50 of 1st period - Icing by Kale Clague.
1:51 of 1st period - Nathan Gerbe wins face-off versus Jonathan Marchessault in Reign zone.
2:22 of 1st period - Off-side.
2:23 of 1st period - Joel Eriksson Ek wins face-off versus Drake Caggiula in neutral zone.
2:34 of 1st period - Wrist shot by Dmitrij Jaskin.
2:34 of 1st period - Shot Misses the Net.
2:36 of 1st period - Slapshot by Keaton Middleton.
2:36 of 1st period - Stopped by Carter Hart without a rebound.
2:37 of 1st period - Jonathan Marchessault wins face-off versus Rourke Chartier in Reign zone.
3:08 of 1st period - Off-side.
3:09 of 1st period - Sergey Kalinin wins face-off versus Anthony Duclair in neutral zone.
3:14 of 1st period - Snap shot by Sergey Kalinin.
3:14 of 1st period - Shot Misses the Net.
3:16 of 1st period - Slapshot by Nikita Tryamkin.
3:16 of 1st period - Deflect By Sergey Kalinin.
3:16 of 1st period - Stopped by Marek Mazanek with a rebound.
3:18 of 1st period - Slapshot by Nikita Tryamkin.
3:18 of 1st period - Deflect By Jordan Kyrou.
3:18 of 1st period - Shot Misses the Net.
3:18 of 1st period - Puck is out of play.
3:19 of 1st period - Sergey Kalinin wins face-off versus Matteson Iacopelli in Eagles zone.
3:30 of 1st period - Wrist shot by Anthony Duclair.
3:30 of 1st period - Shot Misses the Net.
3:43 of 1st period - Off-side.
3:44 of 1st period - Jonathan Marchessault wins face-off versus Nathan Gerbe in neutral zone.
4:11 of 1st period - Minor Penalty to Matthew Tkachuk for Roughing.
4:12 of 1st period - Jonathan Marchessault wins face-off versus Joel Eriksson Ek in Reign zone.
4:48 of 1st period - Slapshot by John Ramage.
4:48 of 1st period - Deflect By Nathan Gerbe.
4:48 of 1st period - Stopped by Carter Hart with a rebound.
4:50 of 1st period - Snap shot by Dmitrij Jaskin.
4:50 of 1st period - Shot Misses the Net.
6:11 of 1st period - Penalty to Matthew Tkachuk is over, Matthew Tkachuk is back on ice.
6:30 of 1st period - Wrist shot by Dmitrij Jaskin.
6:30 of 1st period - Shot Misses the Net.
6:38 of 1st period - Backhand shot by Joseph Blandisi.
6:38 of 1st period - Stopped by Carter Hart with a rebound.
6:40 of 1st period - Backhand shot by Joseph Blandisi.
6:40 of 1st period - Shot Blocked by Dmitri Orlov.
6:42 of 1st period - Slapshot by Stefan Elliott.
6:42 of 1st period - Deflect By Nikita Tryamkin.
6:42 of 1st period - Stopped by Carter Hart with a rebound.
6:52 of 1st period - Snap shot by Joseph Blandisi.
6:52 of 1st period - Shot Misses the Net.
7:10 of 1st period - Wrist shot by Alex Iafallo.
7:10 of 1st period - Stopped by Marek Mazanek with a rebound.
7:36 of 1st period - Snap shot by Dmitrij Jaskin.
7:36 of 1st period - Stopped by Carter Hart with a rebound.
8:14 of 1st period - Slapshot by Stefan Elliott.
8:14 of 1st period - Stopped by Carter Hart with a rebound.
8:16 of 1st period - Snap shot by Stefan Elliott.
8:16 of 1st period - Stopped by Carter Hart with a rebound.
8:18 of 1st period - Slapshot by Dmitrij Jaskin.
8:18 of 1st period - Stopped by Carter Hart without a rebound.
8:19 of 1st period - Sergey Kalinin wins face-off versus Jonathan Marchessault in Reign zone.
9:15 of 1st period - Snap shot by Rourke Chartier.
9:15 of 1st period - Shot Misses the Net.
9:24 of 1st period - Icing by Jonathan Racine.
9:25 of 1st period - Jared McCann wins face-off versus Nathan Gerbe in Eagles zone.
9:42 of 1st period - Jonathan Marchessault is hit by Thomas Chabot and loses puck.
9:59 of 1st period - Icing by Anthony Duclair.
10:00 of 1st period - Sergey Kalinin wins face-off versus Zach Aston-Reese in Eagles zone.
10:45 of 1st period - Off-side.
10:46 of 1st period - Nathan Gerbe wins face-off versus Jared McCann in neutral zone.
10:51 of 1st period - Slapshot by Nathan Gerbe.
10:51 of 1st period - Shot Misses the Net.
10:53 of 1st period - Snap shot by Josh Anderson.
10:53 of 1st period - Stopped by Marek Mazanek without a rebound.
10:54 of 1st period - Jonathan Marchessault wins face-off versus Sergey Kalinin in Eagles zone.
11:13 of 1st period - Jordan Schmaltz is hit by Ryan Murphy and loses puck.
11:27 of 1st period - Off-side.
11:28 of 1st period - Jared McCann wins face-off versus Rourke Chartier in neutral zone.
11:47 of 1st period - Wrist shot by Jared McCann.
11:47 of 1st period - Stopped by Carter Hart with a rebound.
12:30 of 1st period - Snap shot by Jared McCann.
12:30 of 1st period - Stopped by Carter Hart with a rebound.
12:32 of 1st period - Slapshot by Keaton Middleton.
12:32 of 1st period - Deflect By Michael Dal Colle.
12:32 of 1st period - Shot Misses the Net.
12:32 of 1st period - Puck is out of play.
12:33 of 1st period - Joel Eriksson Ek wins face-off versus Jonathan Marchessault in Reign zone.
13:25 of 1st period - Snap shot by Nathan Gerbe.
13:25 of 1st period - Stopped by Marek Mazanek without a rebound.
13:26 of 1st period - Zach Aston-Reese wins face-off versus Nathan Gerbe in Eagles zone.
13:53 of 1st period - Snap shot by Joel Eriksson Ek.
13:53 of 1st period - Shot Misses the Net.
13:55 of 1st period - Snap shot by Joel Eriksson Ek.
13:55 of 1st period - Stopped by Marek Mazanek with a rebound.
13:57 of 1st period - Snap shot by Joel Eriksson Ek.
13:57 of 1st period - Stopped by Marek Mazanek without a rebound.
13:58 of 1st period - Jonathan Marchessault wins face-off versus Joel Eriksson Ek in Eagles zone.
13:58 of 1st period - Jonathan Marchessault is hit by Charlie McAvoy.
14:46 of 1st period - Snap shot by Nathan Gerbe.
14:46 of 1st period - Shot Misses the Net.
14:48 of 1st period - Wrist shot by Alex Iafallo.
14:48 of 1st period - Stopped by Marek Mazanek with a rebound.
14:50 of 1st period - Slapshot by Alex Iafallo.
14:50 of 1st period - Stopped by Marek Mazanek with a rebound.
14:52 of 1st period - Slapshot by Kale Clague.
14:52 of 1st period - Shot Misses the Net.
14:54 of 1st period - Slapshot by Kevin Fiala.
14:54 of 1st period - Shot Misses the Net.
15:30 of 1st period - Jared McCann is hit by Josh Anderson and loses puck.
15:45 of 1st period - Wrist shot by Jordan Kyrou.
15:45 of 1st period - Stopped by Marek Mazanek without a rebound.
15:46 of 1st period - Sergey Kalinin wins face-off versus Drake Caggiula in Eagles zone.
15:53 of 1st period - Snap shot by Jordan Kyrou.
15:53 of 1st period - Stopped by Marek Mazanek without a rebound.
15:54 of 1st period - Jonathan Marchessault wins face-off versus Joel Eriksson Ek in Eagles zone.
16:01 of 1st period - Snap shot by Daniel Carr.
16:01 of 1st period - Shot Misses the Net.
16:19 of 1st period - Snap shot by Daniel Carr.
16:19 of 1st period - Stopped by Carter Hart with a rebound.
16:42 of 1st period - Snap shot by Nathan Gerbe.
16:42 of 1st period - Stopped by Marek Mazanek without a rebound.
16:43 of 1st period - Zach Aston-Reese wins face-off versus Nathan Gerbe in Eagles zone.
17:12 of 1st period - Snap shot by Zach Aston-Reese.
17:12 of 1st period - Shot Misses the Net.
18:16 of 1st period - Snap shot by Alex Iafallo.
18:16 of 1st period - Goal by Alex Iafallo - Eagles : 1 - Reign : 1.
18:17 of 1st period - Jonathan Marchessault wins face-off versus Joel Eriksson Ek in neutral zone.
18:43 of 1st period - Jordan Kyrou is hit by Stefan Elliott and loses puck.
19:10 of 1st period - Snap shot by Jared McCann.
19:10 of 1st period - Shot Misses the Net.
19:12 of 1st period - Snap shot by Stefan Elliott.
19:12 of 1st period - Stopped by Carter Hart with a rebound.
19:22 of 1st period - Joachim Blichfeld is hit by Daniel Carr and loses puck.
Goals for this period are 1 for Eagles vs 1 for Reign.
Shots for this period are 16 for Eagles vs 12 for Reign.
2nd period
0:01 of 2nd period - Sergey Kalinin wins face-off versus Jonathan Marchessault in neutral zone.
0:28 of 2nd period - Slapshot by Zach Aston-Reese.
0:28 of 2nd period - Shot Misses the Net.
0:38 of 2nd period - Wrist shot by Anthony Duclair.
0:38 of 2nd period - Stopped by Carter Hart with a rebound.
0:48 of 2nd period - Dmitri Orlov is hit by Drake Caggiula and loses puck.
1:05 of 2nd period - Snap shot by Jordan Kyrou.
1:05 of 2nd period - Stopped by Marek Mazanek without a rebound.
1:06 of 2nd period - Joel Eriksson Ek wins face-off versus Daniel Carr in Eagles zone.
1:09 of 2nd period - Wrist shot by Josh Anderson.
1:09 of 2nd period - Stopped by Marek Mazanek without a rebound.
1:10 of 2nd period - Joel Eriksson Ek wins face-off versus Daniel Carr in Eagles zone.
1:15 of 2nd period - Backhand shot by Joachim Blichfeld.
1:15 of 2nd period - Shot Misses the Net.
1:17 of 2nd period - Wrist shot by Josh Anderson.
1:17 of 2nd period - Deflect By Joel Eriksson Ek.
1:17 of 2nd period - Stopped by Marek Mazanek without a rebound.
1:18 of 2nd period - Jonathan Marchessault wins face-off versus Joel Eriksson Ek in Eagles zone.
2:08 of 2nd period - Thomas Chabot is hit by Matteson Iacopelli.
2:12 of 2nd period - Snap shot by Nathan Gerbe.
2:12 of 2nd period - Shot Misses the Net.
2:14 of 2nd period - Snap shot by Nathan Gerbe.
2:14 of 2nd period - Shot Blocked by Connor Carrick.
2:23 of 2nd period - Off-side.
2:24 of 2nd period - Sergey Kalinin wins face-off versus Jared McCann in neutral zone.
2:27 of 2nd period - Snap shot by Roope Hintz.
2:27 of 2nd period - Stopped by Marek Mazanek with a rebound.
2:29 of 2nd period - Snap shot by Roope Hintz.
2:29 of 2nd period - Shot Misses the Net.
2:31 of 2nd period - Snap shot by Roope Hintz.
2:31 of 2nd period - Stopped by Marek Mazanek with a rebound.
2:37 of 2nd period - Slapshot by Jordan Kyrou.
2:37 of 2nd period - Shot Misses the Net.
2:39 of 2nd period - Snap shot by Jordan Kyrou.
2:39 of 2nd period - Stopped by Marek Mazanek with a rebound.
2:49 of 2nd period - Josh Anderson is hit by Jonathan Marchessault and loses puck.
3:12 of 2nd period - Off-side.
3:13 of 2nd period - Drake Caggiula wins face-off versus Rourke Chartier in neutral zone.
3:16 of 2nd period - Snap shot by Drake Caggiula.
3:16 of 2nd period - Shot Misses the Net.
3:22 of 2nd period - Wrist shot by Drake Caggiula.
3:22 of 2nd period - Stopped by Carter Hart with a rebound.
3:40 of 2nd period - Snap shot by Zach Aston-Reese.
3:40 of 2nd period - Shot Misses the Net.
3:59 of 2nd period - Off-side.
4:00 of 2nd period - Jonathan Marchessault wins face-off versus Nathan Gerbe in neutral zone.
5:30 of 2nd period - Slapshot by Alex Iafallo.
5:30 of 2nd period - Goal by Alex Iafallo - Eagles : 1 - Reign : 2.
5:31 of 2nd period - Jonathan Marchessault wins face-off versus Sergey Kalinin in neutral zone.
5:43 of 2nd period - Snap shot by Nick Cousins.
5:43 of 2nd period - Deflect By Daniel Carr.
5:43 of 2nd period - Shot Misses the Net.
5:43 of 2nd period - Puck is out of play.
5:44 of 2nd period - Jonathan Marchessault wins face-off versus Joel Eriksson Ek in Reign zone.
5:51 of 2nd period - Slapshot by Dmitri Orlov.
5:51 of 2nd period - Stopped by Marek Mazanek with a rebound.
6:09 of 2nd period - Stefan Elliott is hit by Roope Hintz and loses puck.
6:14 of 2nd period - Slapshot by Roope Hintz.
6:14 of 2nd period - Shot Misses the Net.
6:16 of 2nd period - Wrist shot by Jordan Kyrou.
6:16 of 2nd period - Shot Misses the Net.
6:18 of 2nd period - Snap shot by Sergey Kalinin.
6:18 of 2nd period - Shot Misses the Net.
6:20 of 2nd period - Wrist shot by Roope Hintz.
6:20 of 2nd period - Deflect By Jordan Kyrou.
6:20 of 2nd period - Shot Blocked by Jonathan Marchessault.
6:20 of 2nd period - Puck is out of play.
6:21 of 2nd period - Nathan Gerbe wins face-off versus Drake Caggiula in Eagles zone.
6:58 of 2nd period - Slapshot by Connor Carrick.
6:58 of 2nd period - Stopped by Carter Hart with a rebound.
7:23 of 2nd period - Snap shot by Sergey Kalinin.
7:23 of 2nd period - Shot Misses the Net.
7:25 of 2nd period - Snap shot by Roope Hintz.
7:25 of 2nd period - Stopped by Marek Mazanek without a rebound.
7:26 of 2nd period - Jonathan Marchessault wins face-off versus Joel Eriksson Ek in Eagles zone.
7:51 of 2nd period - Joel Eriksson Ek is hit by John Ramage and loses puck.
7:58 of 2nd period - Backhand shot by Anthony Duclair.
7:58 of 2nd period - Deflect By Zach Aston-Reese.
7:58 of 2nd period - Stopped by Carter Hart without a rebound.
7:59 of 2nd period - Jonathan Marchessault wins face-off versus Sergey Kalinin in Reign zone.
8:24 of 2nd period - Rourke Chartier is hit by Drake Caggiula.
8:45 of 2nd period - Slapshot by Stefan Elliott.
8:45 of 2nd period - Shot Misses the Net.
8:47 of 2nd period - Slapshot by John Ramage.
8:47 of 2nd period - Deflect By Michael Dal Colle.
8:47 of 2nd period - Stopped by Carter Hart with a rebound.
8:49 of 2nd period - Slapshot by John Ramage.
8:49 of 2nd period - Shot Misses the Net.
8:51 of 2nd period - Slapshot by Stefan Elliott.
8:51 of 2nd period - Shot Blocked by Matthew Tkachuk.
8:53 of 2nd period - Slapshot by Stefan Elliott.
8:53 of 2nd period - Deflect By Chris Calhan.
8:53 of 2nd period - Goal by Chris Calhan - Eagles : 2 - Reign : 2.
8:54 of 2nd period - Sergey Kalinin wins face-off versus Jonathan Marchessault in neutral zone.
9:03 of 2nd period - Snap shot by Jordan Kyrou.
9:03 of 2nd period - Stopped by Marek Mazanek without a rebound.
9:04 of 2nd period - Jonathan Marchessault wins face-off versus Jordan Kyrou in Eagles zone.
9:13 of 2nd period - Charlie McAvoy is hit by Stefan Elliott and loses puck.
9:45 of 2nd period - Slapshot by Jordan Kyrou.
9:45 of 2nd period - Deflect By Sergey Kalinin.
9:45 of 2nd period - Stopped by Marek Mazanek with a rebound.
9:47 of 2nd period - Slapshot by Nikita Tryamkin.
9:47 of 2nd period - Deflect By Stefan Elliott.
9:47 of 2nd period - Stopped by Marek Mazanek with a rebound.
9:49 of 2nd period - Slapshot by Nikita Tryamkin.
9:49 of 2nd period - Stopped by Marek Mazanek with a rebound.
10:09 of 2nd period - Snap shot by Jordan Kyrou.
10:09 of 2nd period - Stopped by Marek Mazanek without a rebound.
10:10 of 2nd period - Drake Caggiula wins face-off versus Nathan Gerbe in Eagles zone.
10:10 of 2nd period - Drake Caggiula is hit by Dmitri Orlov.
11:01 of 2nd period - Zach Aston-Reese is hit by Josh Anderson and loses puck.
12:29 of 2nd period - Snap shot by Daniel Carr.
12:29 of 2nd period - Shot Blocked by Kale Clague.
12:31 of 2nd period - Snap shot by Daniel Carr.
12:31 of 2nd period - Shot Blocked by Kevin Fiala.
12:33 of 2nd period - Slapshot by Nick Cousins.
12:33 of 2nd period - Stopped by Carter Hart without a rebound.
12:34 of 2nd period - Rourke Chartier wins face-off versus Jonathan Marchessault in Reign zone.
12:44 of 2nd period - Snap shot by Nick Cousins.
12:44 of 2nd period - Shot Misses the Net.
12:46 of 2nd period - Wrist shot by Daniel Carr.
12:46 of 2nd period - Shot Misses the Net.
12:48 of 2nd period - Snap shot by Jonathan Marchessault.
12:48 of 2nd period - Stopped by Carter Hart without a rebound.
12:49 of 2nd period - Nathan Gerbe wins face-off versus Drake Caggiula in Reign zone.
12:56 of 2nd period - Slapshot by Dmitri Orlov.
12:56 of 2nd period - Shot Misses the Net.
13:16 of 2nd period - Stefan Elliott is hit by Jordan Schmaltz and loses puck.
13:27 of 2nd period - Wrist shot by Joachim Blichfeld.
13:27 of 2nd period - Stopped by Marek Mazanek with a rebound.
13:29 of 2nd period - Slapshot by Christopher Tanev.
13:29 of 2nd period - Shot Blocked by Stefan Elliott.
14:08 of 2nd period - Snap shot by Jared McCann.
14:08 of 2nd period - Shot Misses the Net.
14:10 of 2nd period - Wrist shot by Chris Calhan.
14:10 of 2nd period - Shot Misses the Net.
14:12 of 2nd period - Slapshot by John Ramage.
14:12 of 2nd period - Deflect By Jared McCann.
14:12 of 2nd period - Shot Blocked by Charlie McAvoy.
14:12 of 2nd period - Puck is out of play.
14:13 of 2nd period - Nathan Gerbe wins face-off versus Jonathan Marchessault in Reign zone.
14:18 of 2nd period - Slapshot by Dmitri Orlov.
14:18 of 2nd period - Shot Blocked by Nick Cousins.
14:28 of 2nd period - Snap shot by Nick Cousins.
14:28 of 2nd period - Shot Misses the Net.
14:38 of 2nd period - Dmitrij Jaskin is hit by Jordan Schmaltz and loses puck.
14:47 of 2nd period - Backhand shot by Joachim Blichfeld.
14:47 of 2nd period - Shot Misses the Net.
15:25 of 2nd period - Wrist shot by Nick Cousins.
15:25 of 2nd period - Stopped by Carter Hart with a rebound.
15:27 of 2nd period - Wrist shot by Nick Cousins.
15:27 of 2nd period - Shot Misses the Net.
15:29 of 2nd period - Wrist shot by Daniel Carr.
15:29 of 2nd period - Stopped by Carter Hart without a rebound.
15:30 of 2nd period - Drake Caggiula wins face-off versus Nathan Gerbe in Reign zone.
16:19 of 2nd period - Anthony Duclair is hit by Nikita Tryamkin and loses puck.
16:44 of 2nd period - Wrist shot by Jared McCann.
16:44 of 2nd period - Shot Blocked by Thomas Chabot.
16:46 of 2nd period - Snap shot by Ryan Murphy.
16:46 of 2nd period - Stopped by Carter Hart with a rebound.
17:10 of 2nd period - Snap shot by Nathan Gerbe.
17:10 of 2nd period - Goal by Nathan Gerbe - Eagles : 2 - Reign : 3.
17:11 of 2nd period - Nick Cousins wins face-off versus Nathan Gerbe in neutral zone.
17:18 of 2nd period - Wrist shot by Jonathan Marchessault.
17:18 of 2nd period - Shot Blocked by Dmitri Orlov.
17:20 of 2nd period - Wrist shot by Daniel Carr.
17:20 of 2nd period - Stopped by Carter Hart without a rebound.
17:21 of 2nd period - Nathan Gerbe wins face-off versus Jonathan Marchessault in Reign zone.
17:25 of 2nd period - Alex Iafallo is hit by Nick Cousins and loses puck.
17:30 of 2nd period - Snap shot by Nick Cousins.
17:30 of 2nd period - Shot Misses the Net.
17:32 of 2nd period - Wrist shot by Daniel Carr.
17:32 of 2nd period - Goal by Daniel Carr - Eagles : 3 - Reign : 3.
17:33 of 2nd period - Alex Iafallo wins face-off versus Jonathan Marchessault in neutral zone.
17:35 of 2nd period - Minor Penalty to Kevin Fiala for Slashing.
17:36 of 2nd period - Joel Eriksson Ek wins face-off versus Jonathan Marchessault in Reign zone.
19:35 of 2nd period - Penalty to Kevin Fiala is over, Kevin Fiala is back on ice.
19:47 of 2nd period - Kale Clague is hit by Zach Aston-Reese and loses puck.
Goals for this period are 2 for Eagles vs 2 for Reign.
Shots for this period are 13 for Eagles vs 16 for Reign.
3rd period
0:01 of 3rd period - Nathan Gerbe wins face-off versus Jonathan Marchessault in neutral zone.
0:49 of 3rd period - Minor Penalty to Joachim Blichfeld for Holding.
0:50 of 3rd period - Joel Eriksson Ek wins face-off versus Jonathan Marchessault in Reign zone.
1:01 of 3rd period - Wrist shot by Nick Cousins.
1:01 of 3rd period - Shot Misses the Net.
1:25 of 3rd period - Wrist shot by Joseph Blandisi.
1:25 of 3rd period - Stopped by Carter Hart without a rebound.
1:26 of 3rd period - Drake Caggiula wins face-off versus Nathan Gerbe in Reign zone.
1:29 of 3rd period - Snap shot by Dmitrij Jaskin.
1:29 of 3rd period - Stopped by Carter Hart with a rebound.
2:49 of 3rd period - Penalty to Joachim Blichfeld is over, Joachim Blichfeld is back on ice.
3:09 of 3rd period - Minor Penalty to Drake Caggiula for Tripping.
3:10 of 3rd period - Daniel Carr wins face-off versus Rourke Chartier in Eagles zone.
3:14 of 3rd period - Slapshot by Dmitri Orlov.
3:14 of 3rd period - Goal by Dmitri Orlov - Eagles : 3 - Reign : 4.
3:15 of 3rd period - Kevin Fiala wins face-off versus Daniel Carr in neutral zone.
3:40 of 3rd period - Charlie McAvoy is hit by Drake Caggiula and loses puck.
4:12 of 3rd period - Minor Penalty to Roope Hintz for Hooking.
4:13 of 3rd period - Joel Eriksson Ek wins face-off versus Jonathan Marchessault in Reign zone.
4:13 of 3rd period - Joel Eriksson Ek is hit by Daniel Carr.
4:29 of 3rd period - Minor Penalty to Jonathan Marchessault for Goalie Interference.
4:30 of 3rd period - Daniel Carr wins face-off versus Alex Iafallo in Eagles zone.
5:12 of 3rd period - Jordan Schmaltz is hit by Stefan Elliott.
6:00 of 3rd period - Connor Carrick is hit by Nikita Tryamkin and loses puck.
6:12 of 3rd period - Penalty to Roope Hintz is over, Roope Hintz is back on ice.
6:25 of 3rd period - Slapshot by Dmitri Orlov.
6:25 of 3rd period - Stopped by Marek Mazanek with a rebound.
6:29 of 3rd period - Penalty to Jonathan Marchessault is over, Jonathan Marchessault is back on ice.
6:41 of 3rd period - Drake Caggiula is hit by Dmitri Orlov.
7:13 of 3rd period - Slapshot by Joachim Blichfeld.
7:13 of 3rd period - Stopped by Marek Mazanek without a rebound.
7:14 of 3rd period - Sergey Kalinin wins face-off versus Jared McCann in Eagles zone.
7:58 of 3rd period - Connor Carrick is hit by Matthew Tkachuk and loses puck.
8:36 of 3rd period - Snap shot by Thomas Chabot.
8:36 of 3rd period - Deflect By Josh Anderson.
8:36 of 3rd period - Stopped by Marek Mazanek with a rebound.
9:06 of 3rd period - Slapshot by Jordan Kyrou.
9:06 of 3rd period - Shot Misses the Net.
9:08 of 3rd period - Slapshot by Jordan Kyrou.
9:08 of 3rd period - Shot Misses the Net.
9:10 of 3rd period - Wrist shot by Roope Hintz.
9:10 of 3rd period - Stopped by Marek Mazanek with a rebound.
9:12 of 3rd period - Slapshot by Sergey Kalinin.
9:12 of 3rd period - Stopped by Marek Mazanek with a rebound.
9:14 of 3rd period - Slapshot by Nikita Tryamkin.
9:14 of 3rd period - Stopped by Marek Mazanek without a rebound.
9:15 of 3rd period - Nathan Gerbe wins face-off versus Jared McCann in Eagles zone.
9:24 of 3rd period - Slapshot by Kevin Fiala.
9:24 of 3rd period - Shot Blocked by Chris Calhan.
9:42 of 3rd period - Charlie McAvoy is hit by Daniel Carr.
10:15 of 3rd period - Icing by Ryan Murphy.
10:16 of 3rd period - Nathan Gerbe wins face-off versus Drake Caggiula in Eagles zone.
10:49 of 3rd period - Slapshot by Sergey Kalinin.
10:49 of 3rd period - Shot Blocked by Connor Carrick.
10:51 of 3rd period - Wrist shot by Roope Hintz.
10:51 of 3rd period - Shot Blocked by Ryan Murphy.
10:53 of 3rd period - Snap shot by Jordan Kyrou.
10:53 of 3rd period - Stopped by Marek Mazanek without a rebound.
10:54 of 3rd period - Rourke Chartier wins face-off versus Zach Aston-Reese in Eagles zone.
11:01 of 3rd period - Slapshot by Thomas Chabot.
11:01 of 3rd period - Shot Misses the Net.
11:15 of 3rd period - Minor Penalty to Matthew Tkachuk for High sticking.
11:16 of 3rd period - Jonathan Marchessault wins face-off versus Joel Eriksson Ek in Reign zone.
11:51 of 3rd period - Slapshot by Stefan Elliott.
11:51 of 3rd period - Stopped by Carter Hart without a rebound.
11:52 of 3rd period - Drake Caggiula wins face-off versus Nathan Gerbe in Reign zone.
12:17 of 3rd period - Drake Caggiula is hit by Dmitri Orlov and loses puck.
12:39 of 3rd period - Wrist shot by Joseph Blandisi.
12:39 of 3rd period - Shot Misses the Net.
12:41 of 3rd period - Snap shot by Drake Caggiula.
12:41 of 3rd period - Goal by Drake Caggiula - Eagles : 4 - Reign : 4.
12:42 of 3rd period - Nathan Gerbe wins face-off versus Jonathan Marchessault in neutral zone.
13:09 of 3rd period - Minor Penalty to Roope Hintz for High sticking.
13:10 of 3rd period - Joel Eriksson Ek wins face-off versus Daniel Carr in Reign zone.
14:19 of 3rd period - Joel Eriksson Ek is hit by Jonathan Marchessault.
15:09 of 3rd period - Penalty to Roope Hintz is over, Roope Hintz is back on ice.
15:35 of 3rd period - Wrist shot by Sergey Kalinin.
15:35 of 3rd period - Shot Misses the Net.
15:53 of 3rd period - Dmitrij Jaskin is hit by Roope Hintz and loses puck.
16:26 of 3rd period - Ryan Murphy is hit by Kevin Fiala and loses puck.
16:35 of 3rd period - Logan Stanley is hit by Ryan Murphy and loses puck.
17:24 of 3rd period - Snap shot by Chris Calhan.
17:24 of 3rd period - Shot Misses the Net.
17:26 of 3rd period - Wrist shot by Jared McCann.
17:26 of 3rd period - Stopped by Carter Hart with a rebound.
17:28 of 3rd period - Snap shot by Chris Calhan.
17:28 of 3rd period - Shot Misses the Net.
17:36 of 3rd period - Snap shot by Jared McCann.
17:36 of 3rd period - Shot Misses the Net.
17:38 of 3rd period - Wrist shot by Michael Dal Colle.
17:38 of 3rd period - Shot Misses the Net.
17:40 of 3rd period - Snap shot by Chris Calhan.
17:40 of 3rd period - Stopped by Carter Hart with a rebound.
17:42 of 3rd period - Slapshot by John Ramage.
17:42 of 3rd period - Shot Blocked by Nathan Gerbe.
17:44 of 3rd period - Slapshot by Stefan Elliott.
17:44 of 3rd period - Deflect By Michael Dal Colle.
17:44 of 3rd period - Stopped by Carter Hart with a rebound.
17:46 of 3rd period - Wrist shot by Michael Dal Colle.
17:46 of 3rd period - Stopped by Carter Hart with a rebound.
17:48 of 3rd period - Snap shot by John Ramage.
17:48 of 3rd period - Stopped by Carter Hart with a rebound.
17:50 of 3rd period - Wrist shot by Stefan Elliott.
17:50 of 3rd period - Shot Blocked by Nathan Gerbe.
17:52 of 3rd period - Snap shot by Chris Calhan.
17:52 of 3rd period - Stopped by Carter Hart with a rebound.
17:54 of 3rd period - Snap shot by Michael Dal Colle.
17:54 of 3rd period - Goal by Michael Dal Colle - Eagles : 5 - Reign : 4.
17:55 of 3rd period - Joel Eriksson Ek wins face-off versus Zach Aston-Reese in neutral zone.
19:09 of 3rd period - Wrist shot by Jonathan Marchessault.
19:09 of 3rd period - Shot Blocked by Christopher Tanev.
19:52 of 3rd period - Slapshot by Connor Carrick.
19:52 of 3rd period - Shot Blocked by Matthew Tkachuk.
19:54 of 3rd period - Slapshot by Ryan Murphy.
19:54 of 3rd period - Shot Blocked by Jordan Schmaltz.
19:56 of 3rd period - Wrist shot by Jonathan Marchessault.
19:56 of 3rd period - Stopped by Carter Hart with a rebound.
19:58 of 3rd period - Slapshot by Connor Carrick.
19:58 of 3rd period - Stopped by Carter Hart with a rebound.
Goals for this period are 2 for Eagles vs 1 for Reign.
Shots for this period are 13 for Eagles vs 8 for Reign.
Output by the SimonT Hockey Simulator (STHS) for Francois Prevost